Workbook
Name AreaTeste: #REF!
Name AreaTeste2: #REF!
Name CélulaInicioPlanilha: #REF!
Name CélulaResumo: #REF!
Name Excel_BuiltIn_Database: #REF!
Name Excel_BuiltIn_Database_2: #REF!

Sheet Planilha
E1: PLANILHA ORÇAMENTÁRIA
E3: Elaboração do Plano Diretor de Drenagem e Manejo de Águas Pluviais Urbana | P3: CRONOGRAMA FISICO DA
G4: Data base: | H4: EDIF Jan/2025; SABESP Mar/25
B5: Ref. | C5: Ordem | E5: Descrição | F5: Unid | G5: Quantidade | H5: Preço Unit | I5: Total | J5: =B5 -> Ref. | L5: Verificação de erro
C6: ='[1]Planilha Orçamentaria'!A3 -> 1 | E6: ='[2]Planilha Orçamentaria'!B6 -> Relatório 1: Plano de Trabalho | G6: ='[2]Planilha Orçamentaria'!D6 | J6: =B6 -> 0
B7: SABESP | C7: ='[1]Planilha Orçamentaria'!A4 -> 1.1 | D7: 74000002 | E7: ='[2]Planilha Orçamentaria'!B7 -> Coordenador | F7: HH | G7: ='[2]Planilha Orçamentaria'!D7 -> 96 | I7: =G7*H7 -> 0 | J7: =B7 -> SABESP | L7: =UPPER(IF($B7="EDIF",VLOOKUP($C7,[3]EDIF!$A$1:$E$2656,5,0),(IF($B7="INFRA",VLOOKUP($C7,[3]INFRA!$A$1:$E$843,5,0),(IF($B7="SINAPI",VLOOKUP($C7,[3]SINAPI!$A$1:$G$7498,7,0),(IF($B7="FDE",VLOOKUP($C7,[3]FDE!$A$1:$E$3179,5,0),(IF($B7="CDHU",VLOOKUP($C7,[3]CDHU!$A$1:$G$4132,7,0),(IF($B7="SIEC",VLOOKUP($C7,[3]SIEC!$A$1:$E$4166,5,0),(IF($B7="DER",VLOOKUP($C7,[3]DER!$A$1:$D$2157,5,0),(IF($B7="SICRO",VLOOKUP($C7,[3]SICRO!$A$1:$E$6354,5,0))))))))))))))))) -> FALSO | M7: 74000002 | N7: Coordenador | O7: 594.69 | P7: =VLOOKUP(D7,[4]EDIF!$A$1:$E$2781,4,0) -> #N/A
B8: SABESP | C8: ='[1]Planilha Orçamentaria'!A5 -> 1.2 | D8: 74000004 | E8: ='[2]Planilha Orçamentaria'!B8 -> Engenheiro | F8: HH | G8: ='[2]Planilha Orçamentaria'!D8 -> 25 | I8: =G8*H8 -> 0 | M8: 74000004 | N8: Engenheiro | O8: 230.19 | P8: =VLOOKUP(D8,[4]EDIF!$A$1:$E$2781,4,0) -> #N/A
B9: SABESP | C9: ='[1]Planilha Orçamentaria'!A6 -> 1.3 | D9: 74000033 | E9: ='[2]Planilha Orçamentaria'!B9 -> Analista de planejamento | F9: HH | G9: ='[2]Planilha Orçamentaria'!D9 -> 160 | I9: =G9*H9 -> 0 | M9: 74000033 | N9: Analista de planejamento | O9: 164.23 | P9: =VLOOKUP(D9,[4]EDIF!$A$1:$E$2781,4,0) -> #N/A
B10: EDIF | C10: ='[1]Planilha Orçamentaria'!A7 -> 1.4 | D10: 20003004 | E10: ='[2]Planilha Orçamentaria'!B10 -> Arquiteto | F10: HH | G10: ='[2]Planilha Orçamentaria'!D10 -> 9 | I10: =G10*H10 -> 0 | M10: 74000035 | N10: Analista de sistemas | O10: 259.44 | P10: =VLOOKUP(D10,[4]EDIF!$A$1:$E$2781,4,0) -> 179.29
B11: SABESP | C11: ='[1]Planilha Orçamentaria'!A8 -> 1.5 | D11: 74000035 | E11: Analista de sistemas sênior (SIG) | F11: HH | G11: ='[2]Planilha Orçamentaria'!D11 -> 8 | I11: =G11*H11 -> 0 | M11: 74000036 | N11: Analista de sistemas | O11: 181.15 | P11: =VLOOKUP(D11,[4]EDIF!$A$1:$E$2781,4,0) -> #N/A
B12: SABESP | C12: ='[1]Planilha Orçamentaria'!A9 -> 1.6 | D12: 74000036 | E12: Analista de sistemas pleno (INFRA) | F12: HH | G12: ='[2]Planilha Orçamentaria'!D12 -> 8 | I12: =G12*H12 -> 0 | P12: =VLOOKUP(D12,[4]EDIF!$A$1:$E$2781,4,0) -> #N/A
B13: EDIF | C13: ='[1]Planilha Orçamentaria'!A10 -> 1.7 | D13: 20003008 | E13: ='[2]Planilha Orçamentaria'!B13 -> Consultor | F13: HH | G13: ='[2]Planilha Orçamentaria'!D13 -> 24 | I13: =G13*H13 -> 0 | P13: =VLOOKUP(D13,[4]EDIF!$A$1:$E$2781,4,0) -> 500.26
B14: COT | C14: ='[1]Planilha Orçamentaria'!A11 -> 1.8 | D14: =B14 -> COT | E14: ='[2]Planilha Orçamentaria'!B14 -> Gastos com materiais de escritório | F14: UN | G14: ='[2]Planilha Orçamentaria'!D14 -> 18 | I14: =G14*H14 -> 0 | P14: =VLOOKUP(D14,[4]EDIF!$A$1:$E$2781,4,0) -> #N/A
B15: COT | C15: ='[1]Planilha Orçamentaria'!A12 -> 1.9 | D15: =B15 -> COT | E15: ='[2]Planilha Orçamentaria'!B15 -> Gasto com estadias | F15: UN | G15: ='[2]Planilha Orçamentaria'!D15 -> 16 | I15: =G15*H15 -> 0 | P15: =VLOOKUP(D15,[4]EDIF!$A$1:$E$2781,4,0) -> #N/A
H16: Subtotal: | I16: =SUM(I7:I15) -> 0 | P16: =VLOOKUP(D16,[4]EDIF!$A$1:$E$2781,4,0) -> #N/A
C17: ='[1]Planilha Orçamentaria'!A13 -> 2 | E17: ='[2]Planilha Orçamentaria'!B16 -> Relatório 2: Base de dados consolidada, informações coletadas e base cartográfica adotada | G17: ='[2]Planilha Orçamentaria'!D16 | P17: =VLOOKUP(D17,[4]EDIF!$A$1:$E$2781,4,0) -> #N/A
B18: SABESP | C18: ='[1]Planilha Orçamentaria'!A14 -> 2.1 | D18: 74000002 | E18: ='[2]Planilha Orçamentaria'!B17 -> Coordenador | F18: HH | G18: ='[2]Planilha Orçamentaria'!D17 -> 32 | I18: =G18*H18 -> 0 | P18: =VLOOKUP(D18,[4]EDIF!$A$1:$E$2781,4,0) -> #N/A
B19: SABESP | C19: ='[1]Planilha Orçamentaria'!A15 -> 2.2 | D19: 74000004 | E19: ='[2]Planilha Orçamentaria'!B18 -> Engenheiro | F19: HH | G19: ='[2]Planilha Orçamentaria'!D18 -> 104 | I19: =G19*H19 -> 0 | P19: =VLOOKUP(D19,[4]EDIF!$A$1:$E$2781,4,0) -> #N/A
B20: SABESP | C20: ='[1]Planilha Orçamentaria'!A16 -> 2.3 | D20: 74000033 | E20: ='[2]Planilha Orçamentaria'!B19 -> Analista de planejamento | F20: HH | G20: ='[2]Planilha Orçamentaria'!D19 -> 16 | I20: =G20*H20 -> 0 | P20: =VLOOKUP(D20,[4]EDIF!$A$1:$E$2781,4,0) -> #N/A
B21: SABESP | C21: ='[1]Planilha Orçamentaria'!A17 -> 2.4 | D21: 74000035 | E21: Analista de sistemas sênior (SIG) | F21: HH | G21: ='[2]Planilha Orçamentaria'!D21 -> 160 | I21: =G21*H21 -> 0 | P21: =VLOOKUP(D21,[4]EDIF!$A$1:$E$2781,4,0) -> #N/A
B22: SABESP | C22: ='[1]Planilha Orçamentaria'!A18 -> 2.5 | D22: 74000036 | E22: Analista de sistemas pleno (INFRA) | F22: HH | G22: ='[2]Planilha Orçamentaria'!D22 -> 40 | I22: =G22*H22 -> 0 | P22: =VLOOKUP(D22,[4]EDIF!$A$1:$E$2781,4,0) -> #N/A
B23: EDIF | C23: ='[1]Planilha Orçamentaria'!A19 -> 2.6 | D23: 20003008 | E23: ='[2]Planilha Orçamentaria'!B23 -> Consultor | F23: HH | G23: ='[2]Planilha Orçamentaria'!D23 -> 16 | I23: =G23*H23 -> 0 | P23: =VLOOKUP(D23,[4]EDIF!$A$1:$E$2781,4,0) -> 500.26
B24: COT | C24: ='[1]Planilha Orçamentaria'!A20 -> 2.7 | D24: =B24 -> COT | E24: ='[2]Planilha Orçamentaria'!B24 -> Aluguel de veículo | F24: UN | G24: ='[2]Planilha Orçamentaria'!D24 -> 10 | I24: =G24*H24 -> 0 | P24: =VLOOKUP(D24,[4]EDIF!$A$1:$E$2781,4,0) -> #N/A
B25: COT | C25: ='[1]Planilha Orçamentaria'!A21 -> 2.8 | D25: =B25 -> COT | E25: ='[2]Planilha Orçamentaria'!B25 -> Aluguel de equipamentos | F25: UN | G25: ='[2]Planilha Orçamentaria'!D25 -> 60 | I25: =G25*H25 -> 0 | P25: =VLOOKUP(D25,[4]EDIF!$A$1:$E$2781,4,0) -> #N/A
H26: Subtotal: | I26: =SUM(I18:I25) -> 0 | P26: =VLOOKUP(D26,[4]EDIF!$A$1:$E$2781,4,0) -> #N/A
C27: ='[1]Planilha Orçamentaria'!A23 -> 3 | E27: ='[2]Planilha Orçamentaria'!B26 -> Relatório 3: Cadastro da rede de macrodrenagem | G27: ='[2]Planilha Orçamentaria'!D26 | P27: =VLOOKUP(D27,[4]EDIF!$A$1:$E$2781,4,0) -> #N/A
B28: SABESP | C28: ='[1]Planilha Orçamentaria'!A24 -> 3.1 | D28: 74000002 | E28: ='[2]Planilha Orçamentaria'!B27 -> Coordenador | F28: HH | G28: ='[2]Planilha Orçamentaria'!D27 -> 32 | I28: =G28*H28 -> 0 | P28: =VLOOKUP(D28,[4]EDIF!$A$1:$E$2781,4,0) -> #N/A
B29: SABESP | C29: ='[1]Planilha Orçamentaria'!A25 -> 3.2 | D29: 74000004 | E29: ='[2]Planilha Orçamentaria'!B28 -> Engenheiro | F29: HH | G29: ='[2]Planilha Orçamentaria'!D28 -> 320 | I29: =G29*H29 -> 0 | P29: =VLOOKUP(D29,[4]EDIF!$A$1:$E$2781,4,0) -> #N/A
B30: SABESP | C30: ='[1]Planilha Orçamentaria'!A26 -> 3.3 | D30: 74000033 | E30: ='[2]Planilha Orçamentaria'!B29 -> Analista de planejamento | F30: HH | G30: ='[2]Planilha Orçamentaria'!D29 -> 16 | I30: =G30*H30 -> 0 | P30: =VLOOKUP(D30,[4]EDIF!$A$1:$E$2781,4,0) -> #N/A
B31: EDIF | C31: ='[1]Planilha Orçamentaria'!A27 -> 3.4 | D31: 20003004 | E31: ='[2]Planilha Orçamentaria'!B30 -> Arquiteto | F31: HH | G31: ='[2]Planilha Orçamentaria'!D30 -> 2172 | I31: =G31*H31 -> 0 | P31: =VLOOKUP(D31,[4]EDIF!$A$1:$E$2781,4,0) -> 179.29
B32: SABESP | C32: ='[1]Planilha Orçamentaria'!A28 -> 3.5 | D32: 74000035 | E32: Analista de sistemas sênior (SIG) | F32: HH | G32: ='[2]Planilha Orçamentaria'!D31 -> 320 | I32: =G32*H32 -> 0 | P32: =VLOOKUP(D32,[4]EDIF!$A$1:$E$2781,4,0) -> #N/A
B33: SABESP | C33: ='[1]Planilha Orçamentaria'!A29 -> 3.6 | D33: 74000036 | E33: Analista de sistemas pleno (INFRA) | F33: HH | G33: ='[2]Planilha Orçamentaria'!D32 -> 160 | I33: =G33*H33 -> 0 | P33: =VLOOKUP(D33,[4]EDIF!$A$1:$E$2781,4,0) -> #N/A
B34: EDIF | C34: ='[1]Planilha Orçamentaria'!A30 -> 3.7 | D34: 20003008 | E34: ='[2]Planilha Orçamentaria'!B33 -> Consultor | F34: HH | G34: ='[2]Planilha Orçamentaria'!D33 -> 160 | I34: =G34*H34 -> 0 | P34: =VLOOKUP(D34,[4]EDIF!$A$1:$E$2781,4,0) -> 500.26
H35: Subtotal: | I35: =SUM(I28:I34) -> 0 | P35: =VLOOKUP(D35,[4]EDIF!$A$1:$E$2781,4,0) -> #N/A
C36: ='[1]Planilha Orçamentaria'!A31 -> 4 | E36: ='[2]Planilha Orçamentaria'!B34 -> Relatório 4: Cenários propostos, diretrizes urbanísticas e Plano de Mobilização Social | G36: ='[2]Planilha Orçamentaria'!D34 | P36: =VLOOKUP(D36,[4]EDIF!$A$1:$E$2781,4,0) -> #N/A
B37: SABESP | C37: ='[1]Planilha Orçamentaria'!A32 -> 4.1 | D37: 74000002 | E37: ='[2]Planilha Orçamentaria'!B35 -> Coordenador | F37: HH | G37: ='[2]Planilha Orçamentaria'!D35 -> 32 | I37: =G37*H37 -> 0 | P37: =VLOOKUP(D37,[4]EDIF!$A$1:$E$2781,4,0) -> #N/A
B38: SABESP | C38: ='[1]Planilha Orçamentaria'!A33 -> 4.2 | D38: 74000004 | E38: ='[2]Planilha Orçamentaria'!B36 -> Engenheiro | F38: HH | G38: ='[2]Planilha Orçamentaria'!D36 -> 160 | I38: =G38*H38 -> 0 | P38: =VLOOKUP(D38,[4]EDIF!$A$1:$E$2781,4,0) -> #N/A
B39: SABESP | C39: ='[1]Planilha Orçamentaria'!A34 -> 4.3 | D39: 74000033 | E39: ='[2]Planilha Orçamentaria'!B37 -> Analista de planejamento | F39: HH | G39: ='[2]Planilha Orçamentaria'!D37 -> 16 | I39: =G39*H39 -> 0 | P39: =VLOOKUP(D39,[4]EDIF!$A$1:$E$2781,4,0) -> #N/A
B40: SABESP | C40: ='[1]Planilha Orçamentaria'!A35 -> 4.4 | D40: 74000035 | E40: Analista de sistemas sênior (SIG) | F40: HH | G40: ='[2]Planilha Orçamentaria'!D39 -> 80 | I40: =G40*H40 -> 0 | P40: =VLOOKUP(D40,[4]EDIF!$A$1:$E$2781,4,0) -> #N/A
B41: SABESP | C41: ='[1]Planilha Orçamentaria'!A36 -> 4.5 | D41: 74000036 | E41: Analista de sistemas pleno (INFRA) | F41: HH | G41: ='[2]Planilha Orçamentaria'!D40 -> 8 | I41: =G41*H41 -> 0 | P41: =VLOOKUP(D41,[4]EDIF!$A$1:$E$2781,4,0) -> #N/A
B42: EDIF | C42: ='[1]Planilha Orçamentaria'!A37 -> 4.6 | D42: 20003008 | E42: ='[2]Planilha Orçamentaria'!B41 -> Consultor | F42: HH | G42: ='[2]Planilha Orçamentaria'!D41 -> 44 | I42: =G42*H42 -> 0 | P42: =VLOOKUP(D42,[4]EDIF!$A$1:$E$2781,4,0) -> 500.26
H43: Subtotal: | I43: =SUM(I37:I42) -> 0 | P43: =VLOOKUP(D43,[4]EDIF!$A$1:$E$2781,4,0) -> #N/A
C44: ='[1]Planilha Orçamentaria'!A39 -> 5 | E44: ='[2]Planilha Orçamentaria'!B42 -> Relatório 5: Modelagem Hidrológica e Hidráulica | G44: ='[2]Planilha Orçamentaria'!D42 | P44: =VLOOKUP(D44,[4]EDIF!$A$1:$E$2781,4,0) -> #N/A
B45: SABESP | C45: ='[1]Planilha Orçamentaria'!A40 -> 5.1 | D45: 74000002 | E45: ='[2]Planilha Orçamentaria'!B43 -> Coordenador | F45: HH | G45: ='[2]Planilha Orçamentaria'!D43 -> 32 | I45: =G45*H45 -> 0 | P45: =VLOOKUP(D45,[4]EDIF!$A$1:$E$2781,4,0) -> #N/A
B46: SABESP | C46: ='[1]Planilha Orçamentaria'!A41 -> 5.2 | D46: 74000004 | E46: ='[2]Planilha Orçamentaria'!B44 -> Engenheiro | F46: HH | G46: ='[2]Planilha Orçamentaria'!D44 -> 160 | I46: =G46*H46 -> 0 | P46: =VLOOKUP(D46,[4]EDIF!$A$1:$E$2781,4,0) -> #N/A
B47: SABESP | C47: ='[1]Planilha Orçamentaria'!A42 -> 5.3 | D47: 74000033 | E47: ='[2]Planilha Orçamentaria'!B45 -> Analista de planejamento | F47: HH | G47: ='[2]Planilha Orçamentaria'!D45 -> 16 | I47: =G47*H47 -> 0 | P47: =VLOOKUP(D47,[4]EDIF!$A$1:$E$2781,4,0) -> #N/A
B48: SABESP | C48: ='[1]Planilha Orçamentaria'!A43 -> 5.4 | D48: 74000035 | E48: Analista de sistemas sênior (SIG) | F48: HH | G48: ='[2]Planilha Orçamentaria'!D47 -> 120 | I48: =G48*H48 -> 0 | P48: =VLOOKUP(D48,[4]EDIF!$A$1:$E$2781,4,0) -> #N/A
B49: SABESP | C49: ='[1]Planilha Orçamentaria'!A44 -> 5.5 | D49: 74000036 | E49: Analista de sistemas pleno (INFRA) | F49: HH | G49: ='[2]Planilha Orçamentaria'!D48 -> 40 | I49: =G49*H49 -> 0 | P49: =VLOOKUP(D49,[4]EDIF!$A$1:$E$2781,4,0) -> #N/A
B50: EDIF | C50: ='[1]Planilha Orçamentaria'!A45 -> 5.6 | D50: 20003008 | E50: ='[2]Planilha Orçamentaria'!B49 -> Consultor | F50: HH | G50: ='[2]Planilha Orçamentaria'!D49 -> 96 | I50: =G50*H50 -> 0 | P50: =VLOOKUP(D50,[4]EDIF!$A$1:$E$2781,4,0) -> 500.26
H51: Subtotal: | I51: =SUM(I45:I50) -> 0 | P51: =VLOOKUP(D51,[4]EDIF!$A$1:$E$2781,4,0) -> #N/A
C52: ='[1]Planilha Orçamentaria'!A47 -> 6 | E52: ='[2]Planilha Orçamentaria'!B50 -> Relatório 6: Análise dos resultados das simulações e consolidação das informações | G52: ='[2]Planilha Orçamentaria'!D50 | P52: =VLOOKUP(D52,[4]EDIF!$A$1:$E$2781,4,0) -> #N/A
B53: SABESP | C53: ='[1]Planilha Orçamentaria'!A48 -> 6.1 | D53: 74000002 | E53: ='[2]Planilha Orçamentaria'!B51 -> Coordenador | F53: HH | G53: ='[2]Planilha Orçamentaria'!D51 -> 32 | I53: =G53*H53 -> 0 | P53: =VLOOKUP(D53,[4]EDIF!$A$1:$E$2781,4,0) -> #N/A
B54: SABESP | C54: ='[1]Planilha Orçamentaria'!A49 -> 6.2 | D54: 74000004 | E54: ='[2]Planilha Orçamentaria'!B52 -> Engenheiro | F54: HH | G54: ='[2]Planilha Orçamentaria'!D52 -> 240 | I54: =G54*H54 -> 0 | P54: =VLOOKUP(D54,[4]EDIF!$A$1:$E$2781,4,0) -> #N/A
B55: SABESP | C55: ='[1]Planilha Orçamentaria'!A50 -> 6.3 | D55: 74000033 | E55: ='[2]Planilha Orçamentaria'!B53 -> Analista de planejamento | F55: HH | G55: ='[2]Planilha Orçamentaria'!D53 -> 16 | I55: =G55*H55 -> 0 | P55: =VLOOKUP(D55,[4]EDIF!$A$1:$E$2781,4,0) -> #N/A
B56: SABESP | C56: ='[1]Planilha Orçamentaria'!A51 -> 6.4 | D56: 74000035 | E56: Analista de sistemas sênior (SIG) | F56: HH | G56: ='[2]Planilha Orçamentaria'!D55 -> 96 | I56: =G56*H56 -> 0 | P56: =VLOOKUP(D56,[4]EDIF!$A$1:$E$2781,4,0) -> #N/A
B57: EDIF | C57: ='[1]Planilha Orçamentaria'!A52 -> 6.5 | D57: 20003008 | E57: ='[2]Planilha Orçamentaria'!B57 -> Consultor | F57: HH | G57: ='[2]Planilha Orçamentaria'!D57 -> 84 | I57: =G57*H57 -> 0 | P57: =VLOOKUP(D57,[4]EDIF!$A$1:$E$2781,4,0) -> 500.26
H58: Subtotal: | I58: =SUM(I53:I57) -> 0 | P58: =VLOOKUP(D58,[4]EDIF!$A$1:$E$2781,4,0) -> #N/A
C59: ='[1]Planilha Orçamentaria'!A55 -> 7 | E59: ='[2]Planilha Orçamentaria'!B58 -> Relatório 7: Análise crítica das obras executadas, em curso e programadas | G59: ='[2]Planilha Orçamentaria'!D58 | P59: =VLOOKUP(D59,[4]EDIF!$A$1:$E$2781,4,0) -> #N/A
B60: SABESP | C60: ='[1]Planilha Orçamentaria'!A56 -> 7.1 | D60: 74000002 | E60: ='[2]Planilha Orçamentaria'!B59 -> Coordenador | F60: HH | G60: ='[2]Planilha Orçamentaria'!D59 -> 32 | I60: =G60*H60 -> 0 | P60: =VLOOKUP(D60,[4]EDIF!$A$1:$E$2781,4,0) -> #N/A
B61: SABESP | C61: ='[1]Planilha Orçamentaria'!A57 -> 7.2 | D61: 74000004 | E61: ='[2]Planilha Orçamentaria'!B60 -> Engenheiro | F61: HH | G61: ='[2]Planilha Orçamentaria'!D60 -> 80 | I61: =G61*H61 -> 0 | P61: =VLOOKUP(D61,[4]EDIF!$A$1:$E$2781,4,0) -> #N/A
B62: SABESP | C62: ='[1]Planilha Orçamentaria'!A58 -> 7.3 | D62: 74000033 | E62: ='[2]Planilha Orçamentaria'!B61 -> Analista de planejamento | F62: HH | G62: ='[2]Planilha Orçamentaria'!D61 -> 16 | I62: =G62*H62 -> 0 | P62: =VLOOKUP(D62,[4]EDIF!$A$1:$E$2781,4,0) -> #N/A
B63: SABESP | C63: ='[1]Planilha Orçamentaria'!A59 -> 7.4 | D63: 74000035 | E63: Analista de sistemas sênior (SIG) | F63: HH | G63: ='[2]Planilha Orçamentaria'!D63 -> 16 | I63: =G63*H63 -> 0 | P63: =VLOOKUP(D63,[4]EDIF!$A$1:$E$2781,4,0) -> #N/A
B64: EDIF | C64: ='[1]Planilha Orçamentaria'!A60 -> 7.5 | D64: 20003008 | E64: ='[2]Planilha Orçamentaria'!B65 -> Consultor | F64: HH | G64: ='[2]Planilha Orçamentaria'!D65 -> 40 | I64: =G64*H64 -> 0 | P64: =VLOOKUP(D64,[4]EDIF!$A$1:$E$2781,4,0) -> 500.26
H65: Subtotal: | I65: =SUM(I60:I64) -> 0 | P65: =VLOOKUP(D65,[4]EDIF!$A$1:$E$2781,4,0) -> #N/A
C66: ='[1]Planilha Orçamentaria'!A63 -> 8 | E66: ='[2]Planilha Orçamentaria'!B66 -> Relatório 8: Recomendações de intervenções imediatas | G66: ='[2]Planilha Orçamentaria'!D66 | P66: =VLOOKUP(D66,[4]EDIF!$A$1:$E$2781,4,0) -> #N/A
B67: SABESP | C67: ='[1]Planilha Orçamentaria'!A64 -> 8.1 | D67: 74000002 | E67: ='[2]Planilha Orçamentaria'!B67 -> Coordenador | F67: HH | G67: ='[2]Planilha Orçamentaria'!D67 -> 32 | I67: =G67*H67 -> 0 | P67: =VLOOKUP(D67,[4]EDIF!$A$1:$E$2781,4,0) -> #N/A
B68: SABESP | C68: ='[1]Planilha Orçamentaria'!A65 -> 8.2 | D68: 74000004 | E68: ='[2]Planilha Orçamentaria'!B68 -> Engenheiro | F68: HH | G68: ='[2]Planilha Orçamentaria'!D68 -> 72 | I68: =G68*H68 -> 0 | P68: =VLOOKUP(D68,[4]EDIF!$A$1:$E$2781,4,0) -> #N/A
B69: SABESP | C69: ='[1]Planilha Orçamentaria'!A66 -> 8.3 | D69: 74000033 | E69: ='[2]Planilha Orçamentaria'!B69 -> Analista de planejamento | F69: HH | G69: ='[2]Planilha Orçamentaria'!D69 -> 16 | I69: =G69*H69 -> 0 | P69: =VLOOKUP(D69,[4]EDIF!$A$1:$E$2781,4,0) -> #N/A
B70: SABESP | C70: ='[1]Planilha Orçamentaria'!A67 -> 8.4 | D70: 74000035 | E70: Analista de sistemas sênior (SIG) | F70: HH | G70: ='[2]Planilha Orçamentaria'!D71 -> 64 | I70: =G70*H70 -> 0 | P70: =VLOOKUP(D70,[4]EDIF!$A$1:$E$2781,4,0) -> #N/A
B71: EDIF | C71: ='[1]Planilha Orçamentaria'!A68 -> 8.5 | D71: 20003008 | E71: ='[2]Planilha Orçamentaria'!B73 -> Consultor | F71: HH | G71: ='[2]Planilha Orçamentaria'!D73 -> 16 | I71: =G71*H71 -> 0 | P71: =VLOOKUP(D71,[4]EDIF!$A$1:$E$2781,4,0) -> 500.26
H72: Subtotal: | I72: =SUM(I67:I71) -> 0 | P72: =VLOOKUP(D72,[4]EDIF!$A$1:$E$2781,4,0) -> #N/A
C73: ='[1]Planilha Orçamentaria'!A71 -> 9 | E73: ='[2]Planilha Orçamentaria'!B74 -> Relatório 9: Anteprojetos das medidas estruturais e de controle | G73: ='[2]Planilha Orçamentaria'!D74 | P73: =VLOOKUP(D73,[4]EDIF!$A$1:$E$2781,4,0) -> #N/A
B74: SABESP | C74: ='[1]Planilha Orçamentaria'!A72 -> 9.1 | D74: 74000002 | E74: ='[2]Planilha Orçamentaria'!B75 -> Coordenador | F74: HH | G74: ='[2]Planilha Orçamentaria'!D75 -> 32 | I74: =G74*H74 -> 0 | P74: =VLOOKUP(D74,[4]EDIF!$A$1:$E$2781,4,0) -> #N/A
B75: SABESP | C75: ='[1]Planilha Orçamentaria'!A73 -> 9.2 | D75: 74000004 | E75: ='[2]Planilha Orçamentaria'!B76 -> Engenheiro | F75: HH | G75: ='[2]Planilha Orçamentaria'!D76 -> 176 | I75: =G75*H75 -> 0 | P75: =VLOOKUP(D75,[4]EDIF!$A$1:$E$2781,4,0) -> #N/A
B76: SABESP | C76: ='[1]Planilha Orçamentaria'!A74 -> 9.3 | D76: 74000033 | E76: ='[2]Planilha Orçamentaria'!B77 -> Analista de planejamento | F76: HH | G76: ='[2]Planilha Orçamentaria'!D77 -> 16 | I76: =G76*H76 -> 0 | P76: =VLOOKUP(D76,[4]EDIF!$A$1:$E$2781,4,0) -> #N/A
B77: SABESP | C77: ='[1]Planilha Orçamentaria'!A75 -> 9.4 | D77: 74000035 | E77: Analista de sistemas sênior (SIG) | F77: HH | G77: ='[2]Planilha Orçamentaria'!D79 -> 96 | I77: =G77*H77 -> 0 | P77: =VLOOKUP(D77,[4]EDIF!$A$1:$E$2781,4,0) -> #N/A
B78: EDIF | C78: ='[1]Planilha Orçamentaria'!A76 -> 9.5 | D78: 20003008 | E78: ='[2]Planilha Orçamentaria'!B81 -> Consultor | F78: HH | G78: ='[2]Planilha Orçamentaria'!D81 -> 32 | I78: =G78*H78 -> 0 | P78: =VLOOKUP(D78,[4]EDIF!$A$1:$E$2781,4,0) -> 500.26
H79: Subtotal: | I79: =SUM(I74:I78) -> 0 | P79: =VLOOKUP(D79,[4]EDIF!$A$1:$E$2781,4,0) -> #N/A
C80: ='[1]Planilha Orçamentaria'!A79 -> 10 | E80: ='[2]Planilha Orçamentaria'!B82 -> Relatório 10: Proposições de medidas de controle não estruturais | G80: ='[2]Planilha Orçamentaria'!D82 | P80: =VLOOKUP(D80,[4]EDIF!$A$1:$E$2781,4,0) -> #N/A
B81: SABESP | C81: ='[1]Planilha Orçamentaria'!A80 -> 10.1 | D81: 74000002 | E81: ='[2]Planilha Orçamentaria'!B83 -> Coordenador | F81: HH | G81: ='[2]Planilha Orçamentaria'!D83 -> 32 | I81: =G81*H81 -> 0 | P81: =VLOOKUP(D81,[4]EDIF!$A$1:$E$2781,4,0) -> #N/A
B82: SABESP | C82: ='[1]Planilha Orçamentaria'!A81 -> 10.2 | D82: 74000004 | E82: ='[2]Planilha Orçamentaria'!B84 -> Engenheiro | F82: HH | G82: ='[2]Planilha Orçamentaria'!D84 -> 96 | I82: =G82*H82 -> 0 | P82: =VLOOKUP(D82,[4]EDIF!$A$1:$E$2781,4,0) -> #N/A
B83: SABESP | C83: ='[1]Planilha Orçamentaria'!A82 -> 10.3 | D83: 74000033 | E83: ='[2]Planilha Orçamentaria'!B85 -> Analista de planejamento | F83: HH | G83: ='[2]Planilha Orçamentaria'!D85 -> 16 | I83: =G83*H83 -> 0 | P83: =VLOOKUP(D83,[4]EDIF!$A$1:$E$2781,4,0) -> #N/A
B84: SABESP | C84: ='[1]Planilha Orçamentaria'!A83 -> 10.4 | D84: 74000035 | E84: Analista de sistemas sênior (SIG) | F84: HH | G84: ='[2]Planilha Orçamentaria'!D87 -> 40 | I84: =G84*H84 -> 0 | P84: =VLOOKUP(D84,[4]EDIF!$A$1:$E$2781,4,0) -> #N/A
B85: EDIF | C85: ='[1]Planilha Orçamentaria'!A84 -> 10.5 | D85: 20003008 | E85: ='[2]Planilha Orçamentaria'!B89 -> Consultor | F85: HH | G85: ='[2]Planilha Orçamentaria'!D89 -> 16 | I85: =G85*H85 -> 0 | P85: =VLOOKUP(D85,[4]EDIF!$A$1:$E$2781,4,0) -> 500.26
H86: Subtotal: | I86: =SUM(I81:I85) -> 0 | P86: =VLOOKUP(D86,[4]EDIF!$A$1:$E$2781,4,0) -> #N/A
C87: ='[1]Planilha Orçamentaria'!A87 -> 11 | E87: ='[2]Planilha Orçamentaria'!B90 -> Relatório 11: Estimativa de custos das alternativas e análise multicritério | G87: ='[2]Planilha Orçamentaria'!D90 | J87: =B87 -> 0 | L87: =UPPER(IF($B87="EDIF",VLOOKUP($C87,[3]EDIF!$A$1:$E$2656,5,0),(IF($B87="INFRA",VLOOKUP($C87,[3]INFRA!$A$1:$E$843,5,0),(IF($B87="SINAPI",VLOOKUP($C87,[3]SINAPI!$A$1:$G$7498,7,0),(IF($B87="FDE",VLOOKUP($C87,[3]FDE!$A$1:$E$3179,5,0),(IF($B87="CDHU",VLOOKUP($C87,[3]CDHU!$A$1:$G$4132,7,0),(IF($B87="SIEC",VLOOKUP($C87,[3]SIEC!$A$1:$E$4166,5,0),(IF($B87="DER",VLOOKUP($C87,[3]DER!$A$1:$D$2157,5,0),(IF($B87="SICRO",VLOOKUP($C87,[3]SICRO!$A$1:$E$6354,5,0))))))))))))))))) -> FALSO | P87: =VLOOKUP(D87,[4]EDIF!$A$1:$E$2781,4,0) -> #N/A
B88: SABESP | C88: ='[1]Planilha Orçamentaria'!A88 -> 11.1 | D88: 74000002 | E88: ='[2]Planilha Orçamentaria'!B91 -> Coordenador | F88: HH | G88: ='[2]Planilha Orçamentaria'!D91 -> 32 | I88: =G88*H88 -> 0 | J88: =B88 -> SABESP | L88: =UPPER(IF($B88="EDIF",VLOOKUP($C88,[3]EDIF!$A$1:$E$2656,5,0),(IF($B88="INFRA",VLOOKUP($C88,[3]INFRA!$A$1:$E$843,5,0),(IF($B88="SINAPI",VLOOKUP($C88,[3]SINAPI!$A$1:$G$7498,7,0),(IF($B88="FDE",VLOOKUP($C88,[3]FDE!$A$1:$E$3179,5,0),(IF($B88="CDHU",VLOOKUP($C88,[3]CDHU!$A$1:$G$4132,7,0),(IF($B88="SIEC",VLOOKUP($C88,[3]SIEC!$A$1:$E$4166,5,0),(IF($B88="DER",VLOOKUP($C88,[3]DER!$A$1:$D$2157,5,0),(IF($B88="SICRO",VLOOKUP($C88,[3]SICRO!$A$1:$E$6354,5,0))))))))))))))))) -> FALSO | P88: =VLOOKUP(D88,[4]EDIF!$A$1:$E$2781,4,0) -> #N/A
B89: SABESP | C89: ='[1]Planilha Orçamentaria'!A89 -> 11.2 | D89: 74000004 | E89: ='[2]Planilha Orçamentaria'!B92 -> Engenheiro | F89: HH | G89: ='[2]Planilha Orçamentaria'!D92 -> 90 | I89: =G89*H89 -> 0 | P89: =VLOOKUP(D89,[4]EDIF!$A$1:$E$2781,4,0) -> #N/A
B90: SABESP | C90: ='[1]Planilha Orçamentaria'!A90 -> 11.3 | D90: 74000033 | E90: ='[2]Planilha Orçamentaria'!B93 -> Analista de planejamento | F90: HH | G90: ='[2]Planilha Orçamentaria'!D93 -> 16 | I90: =G90*H90 -> 0 | P90: =VLOOKUP(D90,[4]EDIF!$A$1:$E$2781,4,0) -> #N/A
B91: SABESP | C91: ='[1]Planilha Orçamentaria'!A91 -> 11.4 | D91: 74000035 | E91: Analista de sistemas sênior (SIG) | F91: HH | G91: ='[2]Planilha Orçamentaria'!D95 -> 32 | I91: =G91*H91 -> 0 | P91: =VLOOKUP(D91,[4]EDIF!$A$1:$E$2781,4,0) -> #N/A
B92: EDIF | C92: ='[1]Planilha Orçamentaria'!A92 -> 11.5 | D92: 20003008 | E92: ='[2]Planilha Orçamentaria'!B97 -> Consultor | F92: HH | G92: ='[2]Planilha Orçamentaria'!D97 -> 24 | I92: =G92*H92 -> 0 | J92: =B92 -> EDIF | L92: =UPPER(IF($B92="EDIF",VLOOKUP($C92,[3]EDIF!$A$1:$E$2656,5,0),(IF($B92="INFRA",VLOOKUP($C92,[3]INFRA!$A$1:$E$843,5,0),(IF($B92="SINAPI",VLOOKUP($C92,[3]SINAPI!$A$1:$G$7498,7,0),(IF($B92="FDE",VLOOKUP($C92,[3]FDE!$A$1:$E$3179,5,0),(IF($B92="CDHU",VLOOKUP($C92,[3]CDHU!$A$1:$G$4132,7,0),(IF($B92="SIEC",VLOOKUP($C92,[3]SIEC!$A$1:$E$4166,5,0),(IF($B92="DER",VLOOKUP($C92,[3]DER!$A$1:$D$2157,5,0),(IF($B92="SICRO",VLOOKUP($C92,[3]SICRO!$A$1:$E$6354,5,0))))))))))))))))) -> #N/A | P92: =VLOOKUP(D92,[4]EDIF!$A$1:$E$2781,4,0) -> 500.26
H93: Subtotal: | I93: =SUM(I88:I92) -> 0 | P93: =VLOOKUP(D93,[4]EDIF!$A$1:$E$2781,4,0) -> #N/A
C94: ='[1]Planilha Orçamentaria'!A95 -> 12 | E94: ='[2]Planilha Orçamentaria'!B98 -> Relatório 12: Programa Municipal de Manejo de Águas Pluviais | G94: ='[2]Planilha Orçamentaria'!D98 | J94: =B94 -> 0 | L94: =UPPER(IF($B94="EDIF",VLOOKUP($C94,[3]EDIF!$A$1:$E$2656,5,0),(IF($B94="INFRA",VLOOKUP($C94,[3]INFRA!$A$1:$E$843,5,0),(IF($B94="SINAPI",VLOOKUP($C94,[3]SINAPI!$A$1:$G$7498,7,0),(IF($B94="FDE",VLOOKUP($C94,[3]FDE!$A$1:$E$3179,5,0),(IF($B94="CDHU",VLOOKUP($C94,[3]CDHU!$A$1:$G$4132,7,0),(IF($B94="SIEC",VLOOKUP($C94,[3]SIEC!$A$1:$E$4166,5,0),(IF($B94="DER",VLOOKUP($C94,[3]DER!$A$1:$D$2157,5,0),(IF($B94="SICRO",VLOOKUP($C94,[3]SICRO!$A$1:$E$6354,5,0))))))))))))))))) -> FALSO | P94: =VLOOKUP(D94,[4]EDIF!$A$1:$E$2781,4,0) -> #N/A
B95: SABESP | C95: ='[1]Planilha Orçamentaria'!A96 -> 12.1 | D95: 74000002 | E95: ='[2]Planilha Orçamentaria'!B99 -> Coordenador | F95: HH | G95: ='[2]Planilha Orçamentaria'!D99 -> 40 | I95: =G95*H95 -> 0 | J95: =B95 -> SABESP | L95: =UPPER(IF($B95="EDIF",VLOOKUP($C95,[3]EDIF!$A$1:$E$2656,5,0),(IF($B95="INFRA",VLOOKUP($C95,[3]INFRA!$A$1:$E$843,5,0),(IF($B95="SINAPI",VLOOKUP($C95,[3]SINAPI!$A$1:$G$7498,7,0),(IF($B95="FDE",VLOOKUP($C95,[3]FDE!$A$1:$E$3179,5,0),(IF($B95="CDHU",VLOOKUP($C95,[3]CDHU!$A$1:$G$4132,7,0),(IF($B95="SIEC",VLOOKUP($C95,[3]SIEC!$A$1:$E$4166,5,0),(IF($B95="DER",VLOOKUP($C95,[3]DER!$A$1:$D$2157,5,0),(IF($B95="SICRO",VLOOKUP($C95,[3]SICRO!$A$1:$E$6354,5,0))))))))))))))))) -> FALSO | P95: =VLOOKUP(D95,[4]EDIF!$A$1:$E$2781,4,0) -> #N/A
B96: SABESP | C96: ='[1]Planilha Orçamentaria'!A97 -> 12.2 | D96: 74000004 | E96: ='[2]Planilha Orçamentaria'!B100 -> Engenheiro | F96: HH | G96: ='[2]Planilha Orçamentaria'!D100 -> 333 | I96: =G96*H96 -> 0 | P96: =VLOOKUP(D96,[4]EDIF!$A$1:$E$2781,4,0) -> #N/A
B97: SABESP | C97: ='[1]Planilha Orçamentaria'!A98 -> 12.3 | D97: 74000033 | E97: ='[2]Planilha Orçamentaria'!B101 -> Analista de planejamento | F97: HH | G97: ='[2]Planilha Orçamentaria'!D101 -> 16 | I97: =G97*H97 -> 0 | P97: =VLOOKUP(D97,[4]EDIF!$A$1:$E$2781,4,0) -> #N/A
B98: SABESP | C98: ='[1]Planilha Orçamentaria'!A99 -> 12.4 | D98: 74000035 | E98: Analista de sistemas sênior (SIG) | F98: HH | G98: ='[2]Planilha Orçamentaria'!D103 -> 80 | I98: =G98*H98 -> 0 | J98: =B98 -> SABESP | L98: =UPPER(IF($B98="EDIF",VLOOKUP($C98,[3]EDIF!$A$1:$E$2656,5,0),(IF($B98="INFRA",VLOOKUP($C98,[3]INFRA!$A$1:$E$843,5,0),(IF($B98="SINAPI",VLOOKUP($C98,[3]SINAPI!$A$1:$G$7498,7,0),(IF($B98="FDE",VLOOKUP($C98,[3]FDE!$A$1:$E$3179,5,0),(IF($B98="CDHU",VLOOKUP($C98,[3]CDHU!$A$1:$G$4132,7,0),(IF($B98="SIEC",VLOOKUP($C98,[3]SIEC!$A$1:$E$4166,5,0),(IF($B98="DER",VLOOKUP($C98,[3]DER!$A$1:$D$2157,5,0),(IF($B98="SICRO",VLOOKUP($C98,[3]SICRO!$A$1:$E$6354,5,0))))))))))))))))) -> FALSO | P98: =VLOOKUP(D98,[4]EDIF!$A$1:$E$2781,4,0) -> #N/A
B99: EDIF | C99: ='[1]Planilha Orçamentaria'!A100 -> 12.5 | D99: 20003008 | E99: ='[2]Planilha Orçamentaria'!B105 -> Consultor | F99: HH | G99: ='[2]Planilha Orçamentaria'!D105 -> 80 | I99: =G99*H99 -> 0 | J99: =B99 -> EDIF | L99: =UPPER(IF($B99="EDIF",VLOOKUP($C99,[3]EDIF!$A$1:$E$2656,5,0),(IF($B99="INFRA",VLOOKUP($C99,[3]INFRA!$A$1:$E$843,5,0),(IF($B99="SINAPI",VLOOKUP($C99,[3]SINAPI!$A$1:$G$7498,7,0),(IF($B99="FDE",VLOOKUP($C99,[3]FDE!$A$1:$E$3179,5,0),(IF($B99="CDHU",VLOOKUP($C99,[3]CDHU!$A$1:$G$4132,7,0),(IF($B99="SIEC",VLOOKUP($C99,[3]SIEC!$A$1:$E$4166,5,0),(IF($B99="DER",VLOOKUP($C99,[3]DER!$A$1:$D$2157,5,0),(IF($B99="SICRO",VLOOKUP($C99,[3]SICRO!$A$1:$E$6354,5,0))))))))))))))))) -> #N/A | P99: =VLOOKUP(D99,[4]EDIF!$A$1:$E$2781,4,0) -> 500.26
H100: Subtotal: | I100: =SUM(I95:I99) -> 0 | P100: =VLOOKUP(D100,[4]EDIF!$A$1:$E$2781,4,0) -> #N/A
C101: ='[1]Planilha Orçamentaria'!A103 -> 13 | E101: ='[2]Planilha Orçamentaria'!B106 -> Relatório 13: Manual de Drenagem Urbana | G101: ='[2]Planilha Orçamentaria'!D106 | J101: =B101 -> 0 | L101: =UPPER(IF($B101="EDIF",VLOOKUP($C101,[3]EDIF!$A$1:$E$2656,5,0),(IF($B101="INFRA",VLOOKUP($C101,[3]INFRA!$A$1:$E$843,5,0),(IF($B101="SINAPI",VLOOKUP($C101,[3]SINAPI!$A$1:$G$7498,7,0),(IF($B101="FDE",VLOOKUP($C101,[3]FDE!$A$1:$E$3179,5,0),(IF($B101="CDHU",VLOOKUP($C101,[3]CDHU!$A$1:$G$4132,7,0),(IF($B101="SIEC",VLOOKUP($C101,[3]SIEC!$A$1:$E$4166,5,0),(IF($B101="DER",VLOOKUP($C101,[3]DER!$A$1:$D$2157,5,0),(IF($B101="SICRO",VLOOKUP($C101,[3]SICRO!$A$1:$E$6354,5,0))))))))))))))))) -> FALSO | P101: =VLOOKUP(D101,[4]EDIF!$A$1:$E$2781,4,0) -> #N/A
...

Sheet Cronograma
B3: PREFEITURA MUNICIPAL DE FERRAZ DE VASCONCELOS
B4: SECRETARIA MUNICIPAL DE OBRAS
B5: CRONOGRAMA FISICO-FINANCEIRO
B7: =Planilha!E3 -> Elaboração do Plano Diretor de Drenagem e Manejo de Águas Pluviais Urbana
B9: Descrição | C9: MESES | V9: Valor do Item | W9: %
C10: 1 | D10: 2 | E10: 3 | F10: 4 | G10: 5 | H10: 6 | I10: 7 | J10: 8 | K10: 9 | L10: 10 | M10: 11 | N10: 12 | O10: 13 | P10: 14 | Q10: 15 | R10: 16 | S10: 17 | T10: 18 | U10: 19
B11: =Planilha!E6 -> Relatório 1: Plano de Trabalho | V11: =Planilha!I16 -> 0 | W11: =V11/$V$56 -> #DIV/0!
C12: X
B14: =Planilha!E17 -> Relatório 2: Base de dados consolidada, informações coletadas e base cartográfica adotada | V14: =Planilha!I26 -> 0 | W14: =V14/$V$56 -> #DIV/0!
D15: X
B17: =Planilha!E27 -> Relatório 3: Cadastro da rede de macrodrenagem | V17: =Planilha!I35 -> 0 | W17: =V17/$V$56 -> #DIV/0!
E18: X | F18: X | G18: X | H18: X | I18: X | J18: X
B20: =Planilha!E36 -> Relatório 4: Cenários propostos, diretrizes urbanísticas e Plano de Mobilização Social | V20: =Planilha!I43 -> 0 | W20: =V20/$V$56 -> #DIV/0!
J21: X
B23: =Planilha!E44 -> Relatório 5: Modelagem Hidrológica e Hidráulica | V23: =Planilha!I51 -> 0 | W23: =V23/$V$56 -> #DIV/0!
K24: X
B26: =Planilha!E52 -> Relatório 6: Análise dos resultados das simulações e consolidação das informações | V26: =Planilha!I58 -> 0 | W26: =V26/$V$56 -> #DIV/0!
K27: X
B29: =Planilha!E59 -> Relatório 7: Análise crítica das obras executadas, em curso e programadas | V29: =Planilha!I65 -> 0 | W29: =V29/$V$56 -> #DIV/0!
L30: X
B32: =Planilha!E66 -> Relatório 8: Recomendações de intervenções imediatas | V32: =Planilha!I72 -> 0 | W32: =V32/$V$56 -> #DIV/0!
L33: X
B35: =Planilha!E73 -> Relatório 9: Anteprojetos das medidas estruturais e de controle | V35: =Planilha!I79 -> 0 | W35: =V35/$V$56 -> #DIV/0!
L36: X
B38: =Planilha!E80 -> Relatório 10: Proposições de medidas de controle não estruturais | V38: =Planilha!I86 -> 0 | W38: =V38/$V$56 -> #DIV/0!
M39: X
B41: =Planilha!E87 -> Relatório 11: Estimativa de custos das alternativas e análise multicritério | V41: =Planilha!I93 -> 0 | W41: =V41/$V$56 -> #DIV/0!
M42: X
B44: =Planilha!E94 -> Relatório 12: Programa Municipal de Manejo de Águas Pluviais | V44: =Planilha!I100 -> 0 | W44: =V44/$V$56 -> #DIV/0!
M45: X
B47: =Planilha!E101 -> Relatório 13: Manual de Drenagem Urbana | V47: =Planilha!I107 -> 0 | W47: =V47/$V$56 -> #DIV/0!
N48: X
B50: =Planilha!E108 -> Relatório 14: Relatório de treinamento e capacitação profissional | V50: =Planilha!I114 -> 0 | W50: =V50/$V$56 -> #DIV/0!
N51: X
B53: =Planilha!E115 -> Relatório 15: Base de dados geográfica | V53: =Planilha!I122 -> 0 | W53: =V53/$V$56 -> #DIV/0!
N54: X
N56: TOTAL GERAL: | V56: =SUM(V11:V55) -> 0 | W56: =SUM(W11:W55) -> #DIV/0!
